 Dungeon Crawl Stone Soup version 0.29.1-2-gbd0b4ee654 (webtiles) character file.

Game seed: 12046646903352043579

81 Descartes the Caller (level 4, -5/24 HPs)
             Began as a Deep Elf Wanderer on Oct 29, 2022.
             Slain by a lemure (7 damage)
             ... led by Pikel
             ... on level 3 of the Dungeon.
             The game lasted 00:06:57 (2885 turns).

Descartes the Caller (Deep Elf Wanderer)            Turns: 2885, Time: 00:06:57

Health: -5/24      AC:  2    Str: 10    XL:     4   Next: 20%
Magic:  8/10       EV:  9    Int: 19    God:
Gold:   144        SH:  8    Dex: 13    Spells: 8/9 levels left

rFire   . . .      SeeInvis .   q - +7 dagger "Trog's Wrath" {protect, Contam rPois rN+ Stlth+}
rCold   . . .      Faith    .   l - +0 kite shield
rNeg    + . .      Spirit   .   d - +0 robe
rPois   +          Reflect  .   (no helmet)
rElec   .          Harm     .   (no cloak)
rCorr   .          Rampage  .   (no gloves)
Will    .....                   (no boots)
Stlth   ++........              (no amulet)
HPRegen 0.08/turn               (no ring)
MPRegen 0.12/turn               (no ring)

@: no status effects
A: no striking features
a: no special abilities


You were on level 3 of the Dungeon.
You visited 1 branch of the dungeon, and saw 4 of its levels.

You collected 144 gold pieces.

Inventory:

Hand Weapons
 a - a +0 mace
 q - the +7 dagger "Trog's Wrath" (weapon) {protect, Contam rPois rN+ Stlth+}
   (You found it on level 3 of the Dungeon)

   It grants its wielder temporary protection when it strikes (+7 to AC).
   rPois:     It protects you from poison.
   rN:        It protects you from negative energy.
   Contam:    It causes magical contamination when unequipped.
   Stlth:     It makes you more stealthy.
Missiles
 f - a throwing net
 i - 5 boomerangs of dispersal (quivered)
 u - 6 poisoned darts
Armour
 b - a +0 buckler
 d - a +0 robe (worn)
 l - a +0 kite shield (worn)
Scrolls
 c - a scroll of silence
 g - 2 scrolls of identify {unknown}
 h - a scroll of blinking {unknown}
 k - a scroll of noise {unknown}
 n - a scroll of butterflies {unknown}
 p - a scroll of amnesia {unknown}
 r - a scroll of teleportation {unknown}
 s - a scroll of brand weapon {unknown}
Potions
 e - 2 potions of invisibility {unknown}
 j - a potion of attraction {unknown}
 m - 2 potions of flight {unknown}
 o - 2 potions of curing {unknown}
 t - a potion of might {unknown}


   Skills:
 + Level 0.1 Short Blades
 - Level 1.0 Maces & Flails
 - Level 2.0 Throwing
 + Level 0.2 Dodging
 + Level 2.3 Shields
 - Level 3.0 Spellcasting
 + Level 1.0 Conjurations
 * Level 1.5 Hexes
 + Level 4.6 Summonings
 + Level 1.2 Air Magic


You had 8 spell levels left.
You knew the following spells:

 Your Spells              Type           Power      Damage    Failure   Level
a - Summon Small Mammal   Summ           80%        N/A       7%          1

Your spell library contained the following spells:

 Spells                   Type           Power      Damage    Failure   Level
 Magic Dart               Conj           28%        1d4       30%         1
 Searing Ray              Conj           14%        2d5       43%         2
 Summon Lightning Spire   Summ/Air       14%        N/A       82%         4
 Summon Ice Beast         Ice/Summ       11%        N/A       88%         4
 Fulminant Prism          Conj/Hex       3%         3d6       96%         4


Dungeon Overview and Level Annotations

Branches:
Dungeon (4/15)
 Temple: D:4-7

Altars:
Yredelemnul

Annotations:
D:4 Pikel


Message History

The lemure is severely wounded.
The lemure completely misses you. The lemure hits you.
Your rat bites the lemure but does no damage.
You hit the lemure.
The lemure is almost dead.
You block the lemure's attack. x2; Your rat closely misses the lemure.
The lemure hits you but does no damage. The lemure closely misses you.
You hit the lemure but do no damage.
The lemure is almost dead.
Your rat closely misses the lemure.
You block the lemure's attack. The lemure hits you but does no damage.
You hit the lemure.
The lemure is almost dead.
Your rat closely misses the lemure.
The lemure hits you. The lemure hits you but does no damage.
Your rat closely misses the lemure.
You hit the lemure but do no damage.
The lemure is almost dead.
The lemure barely misses you. x2
Your rat bites the lemure but does no damage.
The lemure hits your rat.
Your rat dies!
Your rat's corpse disappears in a puff of smoke!
The lemure attacks as you move away! The lemure hits you.
Casting: Summon Small Mammal (safe; 7% risk of failure)
Confirm with . or Enter, or press ? or * to list all spells.
You miscast Summon Small Mammal.
You are very lightly contaminated with residual magic.
Nothing appears to happen.
The lemure hits you.
* * * LOW HITPOINT WARNING * * *
The lemure attacks as you move away! You block the lemure's attack.
The lemure attacks as you move away! The lemure barely misses you.
The lemure attacks as you move away! The lemure closely misses you.
The lemure attacks as you move away! You block the lemure's attack.
Your magical contamination has completely faded away.
The lemure attacks as you move away! The lemure closely misses you.
The lemure attacks as you move away! The lemure hits you.
* * * LOW HITPOINT WARNING * * *
The lemure attacks as you move away! The lemure completely misses you.
The lemure attacks as you move away! The lemure hits you!
You die...

####≈≈≈≈≈≈≈≈≈≈≈≈≈#........##.....
# #################.............
####### #....# #......)......
..)...###....#######.....#.......
.......##....#....#............##
..................#.......#....##
..................#..............
..................#..............
................@5...............
..............##.5...............
......#.......##.................
......####....................#..
.....## #.###..[....###......#..
#[...# #.# #.......# #......#..
#....#####.# #.......# #......#..
.........#.# #.......# #.........
########.#.# #.......# #####.#.#.


You could see 2 lemures.

Vanquished Creatures
  2 adders (D:3)
  2 worms
  3 ball pythons
  A bat (D:2)
  An endoplasm (D:1)
  A giant cockroach (D:4)
  3 goblins
  5 hobgoblins
  3 kobolds
  2 rats
23 creatures vanquished.

Vanquished Creatures (collateral kills)
  An adder (D:3)
  4 ball pythons
  An endoplasm (D:1)
  A giant cockroach (D:3)
  4 goblins
  A hobgoblin (D:3)
  2 jackals (D:3)
  2 kobolds
  A quokka (D:3)
  A bat (D:1)
  2 frilled lizards
  2 rats
22 creatures vanquished.

Grand Total: 45 creatures vanquished

Notes
Turn   | Place    | Note
-------+----------+-------------------------------------------
     0 | D:1      | Descartes the Deep Elf Wanderer began the quest for the
                  | Orb.
     0 | D:1      | Descartes set off with the following items: a +0 mace, a +0
                  | buckler, a scroll of silence, a +0 robe; and the following
                  | spell memorised: Summon Small Mammal; and the following
                  | spells available to memorise: Summon Ice Beast, Summon
                  | Lightning Spire.
     0 | D:1      | Reached XP level 1. HP: 10/10 MP: 6/6
   151 | D:1      | Reached XP level 2. HP: 15/15 MP: 6/8
   690 | D:1      | Found a faded altar of an unknown god.
   740 | D:2      | Found a basalt altar of Yredelemnul.
  1162 | D:2      | Reached XP level 3. HP: 14/19 MP: 7/9
  1735 | D:3      | Reached skill level 1 in Air Magic
  1766 | D:3      | Identified the +7 dagger "Trog's Wrath" {protect, Contam
                  | rPois rN+ Stlth+}
  1819 | D:3      | Reached skill level 1 in Hexes
  2274 | D:3      | Reached XP level 4. HP: 19/24 MP: 6/10
  2275 | D:3      | Reached skill level 1 in Conjurations
  2837 | D:4      | Noticed Pikel
  2837 | D:4      | Noticed a lemure
  2837 | D:4      | Noticed a lemure
  2837 | D:4      | Noticed a lemure
  2839 | D:4      | Noticed a lemure
  2883 | D:3      | HP: 1/24 [lemure[Pikel] (3)]
  2885 | D:3      | Slain by a lemure

Illustrated notes

Levels and vault maps discovered:
D:1:      beargit_arrival_greenhouse, layout_rooms,
          shapermc_ecumenical_altar_mp_urbaneastern
D:2:      layout_rooms, basic_altar
D:3:      layout_basic, kennysheep_generic_room_2
D:4:      layout_cave_pools, nemelex_dance_club_becter, uniq_natasha, uniq_pikel

Skill      XL: |  1  2  3  4 |
---------------+-------------+-----
Shields        | 2 |  2.3
Air Magic      | 1 |  1.2
Hexes          | 1 |  1.5
Conjurations   | 1 |  1.0
Short Blades   | |  0.1
Maces & Flails | |  1.0
Throwing       | |  2.0
Dodging        | |  0.2
Spellcasting   | |  3.0
Summonings     | |  4.6

Action                   |  1- 3 |  4- 6 || total
-------------------------+-------+-------++-------
Melee: Mace              |    65 |       ||    65
       Dagger            |    17 |    14 ||    31
 Cast: Summon Small Mamm |    62 |    12 ||    74
 Stab: Distracted        |     1 |       ||     1
Armor: Robe              |    22 |     5 ||    27
Dodge: Dodged            |    31 |    12 ||    43
Block: Buckler           |    12 |       ||    12
       Kite shield       |    29 |     9 ||    38
